 Dungeon Crawl Stone Soup version 0.26-a0-664-gc8b27b8fc1 (webtiles) character file.

Game seed: 2920852886323256530

8694 PentaManta the Nimble (level 11, -2/51 HPs)
             Began as a Spriggan Abyssal Knight on Oct 12, 2020.
             Was a High Priest of Lugonu.
             Slain by a yak (10 damage)
             ... on level 10 of the Dungeon.
             The game lasted 00:35:35 (10961 turns).

PentaManta the Nimble (Spriggan Abyssal Knight)    Turns: 10961, Time: 00:35:37

Health: -2/51      AC:  7    Str:  8    XL:     11   Next: 13%
Magic:  13/13      EV: 30    Int: 23    God:    Lugonu [*****.]
Gold:   453        SH:  5    Dex: 19    Spells: 10/10 levels left

rFire    + . .     SeeInvis +   l - +7 rapier "Waat" {venom, *Noise rPois rF+ rC++}
rCold    + + .     Faith    .   (shield restricted)
rNeg     . . .     Spirit   .   r - +0 troll leather armour {Purgy}
rPois    +         Reflect  +   K - +2 hat {Int+3}
rElec    .         Harm     .   k - +0 cloak
rCorr    .         Rampage  .   (gloves unavailable)
MR       +....                  (boots unavailable)
Stlth    ++++......             h - amulet of reflection
HPRegen  0.57/turn              n - +6 ring of intelligence
MPRegen  0.13/turn              u - ring of poison resistance

@: very quick
A: very small, unfitting armour, see invisible, speed 3
a: Depart the Abyss, Bend Space, Banish, Corrupt, Enter the Abyss, Renounce
Religion


You were on level 10 of the Dungeon.
You worshipped Lugonu.
Lugonu was extremely pleased with you.
You visited 2 branches of the dungeon, and saw 11 of its levels.
You visited the Abyss 1 time.

You collected 713 gold pieces.
You spent 260 gold pieces at shops.

Inventory:

Hand Weapons
 a - a +2 short sword of draining
 j - a +0 hunting sling
 l - the +7 rapier "Waat" (weapon) {venom, *Noise rPois rF+ rC++}
   (You found it on level 7 of the Dungeon)

   It poisons the flesh of those it strikes.
   It protects you from fire.
   It greatly protects you from cold.
   It protects you from poison.
   It may make noises in combat.
 o - the +0 dagger of Inykhezi {elec, rElec rC+ Int+4 Dex+4}
   (You found it on level 10 of the Dungeon)

   Occasionally, upon striking a foe, it will discharge some electrical energy
   and cause terrible harm.
   It affects your intelligence (+4).
   It affects your dexterity (+4).
   It protects you from cold.
   It insulates you from electricity.
 y - the cursed +2 hand axe of Pandemonium {pain, Int+4, unknown}
   (You found it on level 10 of the Dungeon)

   In the hands of one skilled in necromantic magic, it inflicts extra damage on
   living creatures.
   It affects your intelligence (+4).
   It has a curse placed upon it.
 M - a +3 dagger of venom
Missiles
 f - 346 stones
 s - 78 sling bullets
 t - 51 poisoned darts (quivered)
 w - 2 throwing nets
 E - 82 arrows
Armour
 b - a +0 robe
 k - a +0 cloak (worn)
 r - a +0 troll leather armour (worn) {Purgy}
 K - a +2 hat of intelligence (worn)
Jewellery
 h - an amulet of reflection (around neck)
 n - a +6 ring of intelligence (left hand)
 u - a ring of poison resistance (right hand)
Wands
 v - a wand of iceblast (6)
 z - a wand of paralysis (13)
 C - a wand of acid (4)
Scrolls
 c - 7 scrolls of teleportation
 d - a scroll of identify
 m - a scroll of magic mapping
 q - 5 scrolls of enchant weapon
 I - 2 scrolls of enchant armour
Potions
 e - a potion of resistance
 g - 2 potions of flight
 i - a potion of berserk rage
 p - 2 potions of magic
 x - 2 potions of haste
 A - 2 potions of stabbing
 B - 2 potions of curing
 F - 4 potions of lignification
 H - 2 potions of might
 L - a potion of heal wounds


   Skills:
 - Level 2.4 Fighting
 * Level 13.1 Short Blades
 + Level 14.4 Dodging
 - Level 10.1 Stealth
 - Level 1.7 Invocations


You had 10 spell levels left.
You didn't know any spells.
Your spell library contained the following spells:

 Spells                   Type           Power        Failure   Level
 Foxfire                  Conj/Fire      #...         22%         1
 Conjure Flame            Conj/Fire      #.......     56%         3
 Inner Flame              Hex/Fire       #.......     56%         3
 Sticky Flame             Conj/Fire      #.......     92%         4
 Fireball                 Conj/Fire      #.........   99%         5


Dungeon Overview and Level Annotations

Branches:
Dungeon (10/15)            Temple (1/1) D:4            Lair (0/6) D:8
    Orc: D:9-12

Altars:
Ashenzari
Cheibriados
Dithmenos
Elyvilon
Fedhas
Gozag
Hepliaklqana
Kikubaaqudgha
Makhleb
Nemelex Xobeh
Okawaru
Qazlal
Ru
Sif Muna
Trog
Uskayaw
Vehumet
Wu Jian
Xom
Yredelemnul
Zin
The Shining One

Shops:
D:3 *   D:4 (   D:5 !   D:7 [([


Innate Abilities, Weirdness & Mutations

You are very small and have problems with some larger weapons.
You are too small for most types of armour.
You have supernaturally acute eyesight. (SInv)
You cover ground extremely quickly.


Message History

You are too injured to fight recklessly!
You are too injured to fight recklessly!
You are too injured to fight recklessly!
You are too injured to fight recklessly!
You are too injured to fight recklessly!
You are too injured to fight recklessly!
You are too injured to fight recklessly!
You hit the yak.
The yak is heavily wounded.
The yak closely misses you.
You hit the yak.
The yak looks as sick as possible!
The yak is severely wounded.
The yak completely misses you. The yak misses you. The yak gores you.
You puncture the yak!
You kill the yak!
Lugonu accepts your kill. The yak gores you!
* * * LOW HITPOINT WARNING * * *
The yak completely misses you. The yak gores you!
You die...

#......#+##'#^
#...#......#......
..#...#......#......
..+...#......####... #.
#.#...#.........#... #.#
#.#...#.........#... #.#
#.#...#.........#.## #.#
#.#†Y.#.........#.# #.#
#.#@Y.#.........#.
#.#####.#Y###>........#
#.....................#
#..###+###............#.##
#####..#.....#............#...
#......#.....#............#...
#####..#.....#............#...
#..#.....#............#...
#..###'###.######.....#...


You could see 3 yaks.

Vanquished Creatures
  2 two-headed ogres
  An unseen horror (D:9)
  A hornet (D:8)
  A wyvern (D:8)
  A basilisk (D:8)
  9 yaks
  A steam dragon (D:9)
  Menkaure (D:5)
  6 water moccasins
  2 orc warriors
  Purgy (D:4)
  2 black bears (D:8)
  A sky beast (D:8)
  7 ogres
  4 wolves (D:8)
  3 centaurs
  A big kobold (D:7)
  7 bullfrogs
  A wyvern zombie (D:10)
  A water moccasin zombie (D:9)
  A scorpion (D:8)
  12 killer bees
  6 wights
  2 bullfrog zombies
  2 orc priests
  4 hounds
  An iguana (D:7)
  5 orc wizards
  10 worker ants
  2 killer bee zombies
  2 hound skeletons
  A worker ant zombie (D:7)
  8 gnolls
  15 adders
  A shadow imp (D:7)
  2 white imps
  An ufetubus (D:5)
  An ooze (D:6)
  An adder skeleton (D:4)
  2 worms
  3 dart slugs
  7 leopard geckos
  29 orcs
  14 bats
  8 giant cockroaches
  5 goblins
  7 hobgoblins
  4 jackals
  9 quokkas
  4 frilled lizards
  19 kobolds
  A quokka zombie (D:6)
  7 rats
249 creatures vanquished.

Vanquished Creatures (others)
  A fungus (D:8)
  6 plants (D:8)
  2 starspawn tentacles (Abyss:1)
9 creatures vanquished.

Grand Total: 258 creatures vanquished

Notes
Turn   | Place    | Note
-------+----------+-------------------------------------------
     0 | Abyss:1  | PentaManta the Spriggan Abyssal Knight began the quest for
                  | the Orb.
     0 | Abyss:1  | Reached XP level 1. HP: 11/11 MP: 3/3
    27 | Abyss:1  | Noticed an ancient zyme
    80 | Abyss:1  | Noticed a large abomination
    84 | Abyss:1  | Noticed a small abomination
    98 | Abyss:1  | Found a shadowy altar of Dithmenos.
   102 | Abyss:1  | Noticed a small abomination
   113 | Abyss:1  | Noticed an ancient zyme
   127 | Abyss:1  | Noticed an iron dragon zombie
   134 | Abyss:1  | Noticed a large abomination
   153 | Abyss:1  | Noticed a starcursed mass
   164 | Abyss:1  | Noticed a tentacled starspawn
   168 | Abyss:1  | Noticed a worldbinder
   175 | Abyss:1  | Noticed a chaos spawn
   181 | Abyss:1  | Noticed a manticore
   182 | Abyss:1  | Noticed a merfolk siren
   185 | Abyss:1  | Noticed a reaper
   192 | Abyss:1  | Noticed a rakshasa
   217 | Abyss:1  | Noticed a great orb of eyes
   217 | Abyss:1  | Noticed a neqoxec
   220 | Abyss:1  | Noticed a ynoxinul
   254 | Abyss:1  | Noticed a flying skull
   257 | Abyss:1  | Noticed a small abomination
   287 | Abyss:1  | Noticed a starcursed mass
   288 | Abyss:1  | Noticed a wraith
   310 | Abyss:1  | Noticed a small abomination
   320 | Abyss:1  | Noticed an ancient zyme
   326 | Abyss:1  | Noticed a rakshasa
   340 | Abyss:1  | Noticed an unseen horror
   343 | D:1      | Escaped the Abyss
  1016 | D:1      | Reached skill level 1 in Stealth
  1218 | D:1      | Reached skill level 4 in Dodging
  1218 | D:1      | Reached XP level 2. HP: 11/16 MP: 4/4
  1518 | D:1      | Reached * piety under Lugonu
  2311 | D:1      | Reached XP level 3. HP: 19/19 MP: 5/5
  2935 | D:2      | Found a sacrificial altar of Ru.
  3198 | D:2      | Reached skill level 5 in Dodging
  3246 | D:2      | Reached XP level 4. HP: 16/23 MP: 6/6
  3717 | D:3      | Reached ** piety under Lugonu
  3887 | D:3      | Reached XP level 5. HP: 10/27 MP: 7/7
  4129 | D:3      | Reached skill level 6 in Dodging
  4189 | D:3      | Found Gozag's Platinum Reserve.
  4378 | D:3      | Found an opulent altar of Gozag.
  4383 | D:3      | Reached skill level 5 in Stealth
  4745 | D:4      | Found Ickuxuz's Weapon Shoppe.
  4756 | D:4      | Noticed Purgy
  4879 | D:4      | Found a staircase to the Ecumenical Temple.
  4891 | Temple   | Entered the Ecumenical Temple
  5017 | D:5      | Entered Level 5 of the Dungeon
  5085 | D:5      | Found a burning altar of Makhleb.
  5110 | D:5      | Noticed Menkaure
  5206 | D:4      | Noticed an ogre
  5215 | D:4      | Killed an ogre
  5215 | D:4      | Reached XP level 6. HP: 32/32 MP: 8/8
  5442 | D:4      | Reached skill level 7 in Dodging
  5512 | D:4      | Killed Purgy
  5805 | D:4      | Reached *** piety under Lugonu
  5954 | D:5      | Found Onigope's Distillery.
  6011 | D:5      | Killed Menkaure
  6011 | D:5      | Reached XP level 7. HP: 10/35 MP: 9/9
  6231 | D:5      | Reached skill level 8 in Dodging
  6851 | D:6      | Reached skill level 9 in Dodging
  6851 | D:6      | Reached XP level 8. HP: 39/39 MP: 10/10
  6863 | D:6      | Reached skill level 5 in Short Blades
  7309 | D:6      | Reached skill level 10 in Dodging
  7309 | D:6      | Reached skill level 10 in Stealth
  7649 | D:6      | Reached **** piety under Lugonu
  8082 | D:7      | Found Ulokhosi's Armour Emporium.
  8085 | D:7      | Found Walox's Antique Armour Emporium.
  8095 | D:7      | Bought a glowing hat for 182 gold pieces
  8167 | D:7      | Found Guahopp's Weapon Boutique.
  8174 | D:7      | Bought a +0 short sword of venom for 78 gold pieces
  8183 | D:7      | Got a crystal rapier
  8184 | D:7      | Identified the +7 rapier "Waat" {venom, *Noise rPois rF+
                  | rC++} (You found it on level 7 of the Dungeon)
  8360 | D:7      | Reached XP level 9. HP: 25/43 MP: 11/11
  8366 | D:7      | Reached skill level 11 in Dodging
  8744 | D:8      | Found a staircase to the Lair.
  8788 | D:8      | Reached skill level 12 in Dodging
  8813 | D:8      | Reached skill level 10 in Short Blades
  8902 | D:8      | Noticed a two-headed ogre
  8909 | D:8      | Reached XP level 10. HP: 47/47 MP: 12/12
  8963 | D:8      | Killed a two-headed ogre
  9759 | D:9      | Noticed an unseen horror
  9766 | D:9      | Killed an unseen horror
  9766 | D:9      | Reached skill level 13 in Dodging
 10185 | D:9      | Reached ***** piety under Lugonu
 10307 | D:9      | Reached skill level 14 in Dodging
 10390 | D:10     | Entered Level 10 of the Dungeon
 10502 | D:10     | Found a white marble altar of Elyvilon.
 10537 | D:10     | Got a faintly glowing dagger
 10538 | D:10     | Identified the cursed +0 dagger of Inykhezi {elec, rElec
                  | rC+ Int+4 Dex+4} (You found it on level 10 of the Dungeon)
 10763 | D:10     | Got a dazzling hand axe
 10806 | D:10     | Noticed a two-headed ogre
 10838 | D:10     | Killed a two-headed ogre
 10838 | D:10     | Reached XP level 11. HP: 31/51 MP: 13/13
 10961 | D:10     | Slain by a yak

Illustrated notes

Levels and vault maps discovered:
D:1:      dpeg_arrival_court, layout_loops_cross, minmay_crystal_water,
          minmay_pentomino_o4
D:2:      layout_loops_cross, hangedman_ru_absence
D:3:      layout_rooms, minivault_23, nicolae_gozag_zags_fifth_avenue
D:4:      layout_rooms, temple_hall, serial_shops, shop,
          minmay_misc_feat_plants, uniq_purgy
D:5:      layout_basic, kennysheep_little_box, serial_shops, shop, uniq_menkaure
D:6:      layout_rooms, grunt_potential
D:7:      layout_loops_corners, serial_shops, shop, shop_statue,
          nicolae_shop_overgrown_old_shop, minmay_circle_x
D:8:      layout_loops_corners, minmay_lair_entry_grove
D:9:      layout_basic, chequers_decorated_corner
D:10:     layout_irregular_city, elyvilon_altar_5
Temple:   grunt_wide_crystal_templ

Skill      XL: |  1  2  3  4  5  6  7  8  9 10 |
---------------+-------------------------------+-----
Stealth        | 1 2 3 4 6 7 9 10 | 10.1
Dodging        | 4 5 6 7 9 10 12 14 | 14.4
Short Blades   | 3 4 7 10 13 | 13.1
Fighting       | |  2.4
Invocations    | |  1.7

Action                   |  1- 3 |  4- 6 |  7- 9 | 10-12 || total
-------------------------+-------+-------+-------+-------++-------
Melee: Dagger            |    65 |       |    16 |    24 ||   105
       Short sword       |   136 |   224 |   301 |       ||   661
       Whip              |       |    25 |    22 |       ||    47
       Rapier            |       |       |   123 |   225 ||   348
Throw: Dart              |       |       |     2 |    13 ||    15
       Stone             |       |       |     1 |       ||     1
Invok: Depart the Abyss  |     1 |       |       |       ||     1
  Use: Scroll            |     8 |     5 |     6 |     7 ||    26
       Potion            |       |     1 |     1 |       ||     2
 Stab: Distracted        |     1 |       |       |       ||     1
       Sleeping          |     4 |     7 |    20 |     5 ||    36
Armor: Robe              |    22 |    10 |       |       ||    32
       Troll leather arm |       |     3 |    28 |     8 ||    39
Dodge: Dodged            |   151 |   188 |   416 |   143 ||   898
Block: Other             |    33 |    46 |   101 |    24 ||   204
       Reflection        |     2 |       |     3 |     1 ||     6

Table legend: (Time is in decaauts)
 A = Elapsed time spent in this place.
 B = Non-inter-level travel time spent in this place.
 C = Inter-level travel time spent in this place.
 D = Time resting spent in this place.
 E = Time spent auto-exploring this place.
 F = Levels seen in this place.
 G = Mean time per level.
                   A        B        C        D        E       F      G
               +--------+--------+--------+--------+--------+-----+--------+
         Total |   8139 |   7775 |    364 |   1403 |   4025 |  12 |  678.2 |
       Dungeon |   7881 |   7524 |    357 |   1403 |   3982 |  10 |  788.1 |
        Temple |     50 |     44 |      6 |      0 |     42 |   1 |   50.0 |
         Abyss |    207 |    207 |      0 |      0 |      0 |   1 |  207.0 |
               +--------+--------+--------+--------+--------+-----+--------+

Top non-repeatable levels by time:
     D:1: 1642 daAuts
     D:2: 1159 daAuts
     D:3: 882 daAuts
     D:5: 818 daAuts
     D:7: 688 daAuts
     D:8: 680 daAuts
     D:4: 628 daAuts
     D:6: 577 daAuts
     D:9: 429 daAuts
    D:10: 375 daAuts
 Abyss:1: 207 daAuts
  Temple: 50 daAuts
